 Dungeon Crawl Stone Soup version 0.28-a0-390-gb254ac4902 (webtiles) character file.

Game seed: 11963095952285863482

414 heikuro the Chopper (level 7, -1/55 HPs)
             Began as a Formicid Abyssal Knight on Sept 4, 2021.
             Was a Believer of Lugonu.
             Asphyxiated
             ... in a sewer.
             The game lasted 00:09:14 (3448 turns).

heikuro the Chopper (Formicid Abyssal Knight)       Turns: 3448, Time: 00:09:15

Health: -1/55      AC: 15    Str: 19    XL:     7   Next: 14%
Magic:  10/10      EV: 21    Int: 11    God:    Lugonu [**....]
Gold:   130        SH:  0    Dex: 10    Spells: 6/6 levels left

rFire   + . .      SeeInvis +   f - +2 dagger (venom)
rCold   . . .      Faith    .   (no shield)
rNeg    . . .      Spirit   .   k - +0 plate armour
rPois   .          Reflect  .   (helmet unavailable)
rElec   .          Harm     .   (no cloak)
rCorr   .          Rampage  .   (no gloves)
Will    .....                   (no boots)
Stlth   ..........              i - amulet of the acrobat
HPRegen 0.18/turn               g - ring of protection from fire
MPRegen 0.12/turn               l - +4 ring of protection

@: lethally poisoned (-1 -> -18), acrobatic
A: permanent stasis, dig shafts and tunnels, antennae 3, four strong arms
a: Dig, Renounce Religion, Depart the Abyss, Bend Space


You were in a sewer.
You worshipped Lugonu.
Lugonu was pleased with you.
You visited 1 branch of the dungeon, and saw 3 of its levels.
You visited the Abyss 1 time.
You also visited: Sewer.

You collected 130 gold pieces.

Inventory:

Hand Weapons
 a - a +1 hand axe
 f - a +2 dagger of venom (weapon)
Missiles
 b - 17 poisoned darts (quivered)
 q - 2 curare-tipped darts
Armour
 k - a +0 plate armour (worn)
Jewellery
 g - a ring of protection from fire (left hand)
 h - a +6 ring of strength
 i - an amulet of the acrobat (around neck)
 j - a +6 ring of strength
 l - a +4 ring of protection (right hand)
 m - a +6 ring of dexterity
Scrolls
 e - a scroll of noise {unknown}
 o - a scroll of summoning {unknown}
 p - a scroll of teleportation {unknown}
Potions
 c - a potion of might {unknown}
 d - a potion of magic {unknown}
 n - a potion of berserk rage {unknown}
 r - a potion of cancellation {unknown}


   Skills:
 + Level 4.7 Fighting
 * Level 4.7 Axes
 + Level 3.9 Armour
 - Level 1.0 Dodging
 + Level 4.2 Invocations


You had 6 spell levels left.
You didn't know any spells.
Your spell library was empty.

Dungeon Overview and Level Annotations

Branches:
Dungeon (3/15)              Sewer (1/1)

Altars:


Innate Abilities, Weirdness & Mutations

You cannot be hasted, slowed, berserked, paralysed or teleported.
You can dig through walls and to a lower floor.
You have a pair of large antennae on your head. (SInv)
Your four strong arms can wield two-handed weapons with a shield.


Message History

You feel very sick.
You start resting.
You feel sick. x6
A kobold brigand is nearby!
You hit the kobold brigand but do no damage.
The kobold brigand is poisoned.
You feel sick.
The kobold brigand hits you but does no damage.
You are more poisoned.
You hit the kobold brigand.
The kobold brigand looks as sick as possible!
The kobold brigand is lightly wounded.
You feel sick.
The kobold brigand hits you but does no damage.
You are more poisoned.
You hit the kobold brigand.
The kobold brigand looks as sick as possible!
The kobold brigand is moderately wounded.
You feel very sick. The kobold brigand barely misses you.
You retract your mandibles.
You extend your mandibles.
You dig through the rock wall.
You feel very sick.
You dig through the rock wall.
You feel sick.
The kobold brigand hits you with a +2 dagger of venom.
You are more poisoned.
You dig through the rock wall.
You feel very sick.
You dig through the rock wall.
You feel very sick.
You retract your mandibles.
You hit the kobold brigand.
The kobold brigand looks as sick as possible!
The kobold brigand is heavily wounded.
You feel sick. The kobold brigand barely misses you.
You extend your mandibles.
You dig through the rock wall.
You feel sick.
The kobold brigand throws a curare-tipped dart.
The curare-tipped dart hits you.
You are lethally poisoned!
You have difficulty breathing.
You die...

≈≈......≈.≈.≈≈# #)##
.≈.≈≈.....≈.≈≈## ##.# #######
≈.≈..≈.≈.≈≈.≈.≈## #.####≈≈≈≈.#
#≈.≈.≈...≈##≈≈≈.####≈≈.†≈#####
##≈.≈≈≈.≈####.≈.≈..≈≈###≈≈≈≈.#
#..≈.≈..# #≈≈≈≈≈≈≈≈# #######
≈.≈≈≈≈≈≈. ##.≈≈..≈≈###≈≈w(.
#######...≈≈# #@###.###≈≈K≈.
##.###.# ### ##K#{## ##.## ###


You could see a kobold brigand (extremely poisoned).

Vanquished Creatures
  4 kobold brigands (Sewer)
  A hound skeleton (D:2)
  4 adders
  A river rat (D:3)
  6 worms
  A dart slug (D:1)
  7 ball pythons
  4 endoplasms
  5 giant cockroaches
  6 goblins
  3 hobgoblins (D:1)
  2 jackals (D:2)
  7 quokkas
  5 bats
  4 frilled lizards
  6 kobolds
  9 rats
75 creatures vanquished.

Vanquished Creatures (others)
  4 fungi (D:2)
  4 plants (D:2)
8 creatures vanquished.

Grand Total: 83 creatures vanquished

Notes
Turn   | Place    | Note
-------+----------+-------------------------------------------
     0 | Abyss:1  | heikuro the Formicid Abyssal Knight began the quest for the
                  | Orb.
     0 | Abyss:1  | Reached XP level 1. HP: 18/18 MP: 2/2
    21 | Abyss:1  | Noticed a wretched star
    26 | D:1      | Escaped the Abyss
   159 | D:1      | Reached skill level 1 in Dodging
   166 | D:1      | Reached XP level 2. HP: 14/24 MP: 3/3
   345 | D:1      | Reached * piety under Lugonu
   718 | D:1      | Reached XP level 3. HP: 28/29 MP: 4/4
  1449 | D:2      | Reached XP level 4. HP: 34/37 MP: 6/6
  1810 | D:2      | Found a faded altar of an unknown god.
  2408 | D:3      | Reached ** piety under Lugonu
  2456 | D:3      | Reached XP level 5. HP: 36/42 MP: 7/7
  2493 | D:3      | Found a glowing drain.
  2506 | Sewer    | Entered a sewer
  2736 | Sewer    | Noticed a kobold brigand
  2749 | Sewer    | Killed a kobold brigand
  2750 | Sewer    | Reached XP level 6. HP: 34/48 MP: 8/8
  3120 | Sewer    | Reached XP level 7. HP: 7/55 MP: 10/10
  3448 | Sewer    | Asphyxiated

Illustrated notes

Levels and vault maps discovered:
D:1:      eino_arrival_cavern_e, layout_basic, st_stairs_9
D:2:      layout_basic, shapermc_ecumenical_altar_mp_urbaneastern,
          minmay_ruptured
D:3:      layout_loops_ring, gup_sewer_entry_bubbles, minmay_misc_feat_room,
          uniq_grinder, uniq_robin, uniq_terence
Sewer:    sewer_co_tree

Skill      XL: |  1  2  3  4  5  6 |
---------------+-------------------+-----
Dodging        | 1 |  1.0
Axes           | 3 4 |  4.7
Invocations    | 3 4 |  4.2
Armour         | 3 |  3.9
Fighting       | 4 |  4.7

Action                   |  1- 3 |  4- 6 |  7- 9 || total
-------------------------+-------+-------+-------++-------
Melee: Hand axe          |    50 |       |       ||    50
       Dagger            |    43 |   161 |     6 ||   210
Throw: Dart              |       |     1 |     8 ||     9
Invok: Depart the Abyss  |     1 |       |       ||     1
 Abil: Dig               |     2 |     6 |     7 ||    15
Armor: Leather armour    |    16 |     2 |       ||    18
       Plate armour      |       |    52 |     3 ||    55
       Scale mail        |       |     4 |       ||     4
Dodge: Dodged            |    75 |    65 |     4 ||   144

Table legend: (Time is in decaauts)
 A = Elapsed time spent in this place.
 B = Non-inter-level travel time spent in this place.
 C = Inter-level travel time spent in this place.
 D = Time resting spent in this place.
 E = Time spent auto-exploring this place.
 F = Levels seen in this place.
 G = Mean time per level.
                   A        B        C        D        E       F      G
               +--------+--------+--------+--------+--------+-----+--------+
         Total |   3581 |   3544 |     37 |   1172 |   1189 |   5 |  716.2 |
       Dungeon |   2502 |   2465 |     37 |    676 |    947 |   3 |  834.0 |
         Abyss |     26 |     26 |      0 |      0 |      0 |   1 |   26.0 |
         Sewer |   1053 |   1053 |      0 |    496 |    242 |   1 | 1053.0 |
               +--------+--------+--------+--------+--------+-----+--------+

Top non-repeatable levels by time:
     D:1: 1260 daAuts
     D:2: 1083 daAuts
   Sewer: 1053 daAuts
     D:3: 158 daAuts
 Abyss:1: 26 daAuts
